[Event "Titled Tuesday Blitz June 15 2021"]
[White "Hess, Robert"]
[Black "Harshavardhan G B"]
[WhiteFideId "2022036"]
[BlackFideId "25059009"]
[WhiteElo "2557"]
[BlackElo "1825"]
[Result "0-1"]
[Round "05"]
[TimeControl "180+1"]
[Date "2021.06.15"]
[WhiteClock "0:00:02"]
[BlackClock "0:00:17"]

1. b3 e5 2. Bb2 Nc6 3. e3 d6 4. d4 exd4 5. exd4 d5 6. Nf3 Nf6 7. Bb5 Bd7 8. O-O Be7 9. Re1 O-O 10. Nbd2 Re8 11. a3 Bd6 12. Bd3 Bg4 13. Rxe8+ Qxe8 14. Qf1 Qc8 15. Ne5 Bf5 16. Re1 Ne7 17. Ndf3 Bxd3 18. Qxd3 Qf5 19. c4 c6 20. Qxf5 Nxf5 21. g4 Ne7 22. c5 Bxe5 23. Nxe5 Ng6 24. Nxg6 hxg6 25. Re7 Rb8 26. f3 Kf8 27. Re2 Re8 28. Rc2 Re3 29. Kf2 Rxb3 30. Bc1 Nd7 31. h4 f6 32. a4 Kf7 33. Bd2 Nf8 34. a5 Ne6 35. Bc3 Ra3 36. Ke3 Rb3 37. Kd3 b6 38. cxb6 axb6 39. Ra2 bxa5 40. Rxa5 Nf4+ 41. Kc2 Rb7 42. Ra7 Rxa7 0-1


[Site "https://www.chess.com"]

[Event "Titled Tuesday Blitz June 15 2021"]
[White "Howell, David W L"]
[Black "Weetik, Vjacheslav"]
[WhiteFideId "410608"]
[BlackFideId "4153472"]
[WhiteElo "2643"]
[BlackElo "2469"]
[Result "0-1"]
[Round "05"]
[TimeControl "180+1"]
[Date "2021.06.15"]
[WhiteClock "0:00:12"]
[BlackClock "0:00:08"]

1. d4 Nf6 2. Bf4 c5 3. d5 g6 4. Nc3 Bg7 5. e4 d6 6. h3 O-O 7. Nf3 b5 8. Nxb5 Nxe4 9. c3 a6 10. Na3 e5 11. dxe6 fxe6 12. Bh2 d5 13. Bd3 Ng5 14. Ne5 Nd7 15. Nxd7 Bxd7 16. O-O e5 17. f4 exf4 18. Bxf4 Ne6 19. Bg3 Qb6 20. Qb3 Qc6 21. Be2 c4 22. Qc2 Nc5 23. Bf3 Bf5 24. Qd2 Be4 25. Nc2 Nd3 26. Bxe4 dxe4 27. Ne3 Qc5 28. Bf2 Nxf2 29. Rxf2 Rxf2 30. Kxf2 Rf8+ 31. Ke2 Qh5+ 32. Ng4 Qh4 33. Rf1 h5 34. Rxf8+ Bxf8 35. Qd5+ Kg7 36. Qd7+ Be7 37. Ne3 Kh6 38. Qd4 Bf6 39. Qxc4 Qf4 40. Qxa6 Bh4 41. Nd1 Qg3 42. Kd2 Qxg2+ 43. Kc1 Bg5+ 44. Kb1 Qxh3 45. Qe2 Qf5 46. a4 Qf3 47. Qxf3 exf3 48. a5 Bd8 49. b4 h4 50. Kc2 h3 51. Nf2 h2 52. Ng4+ Kh5 53. Nxh2 f2 54. Kd3 Kh4 55. Ke2 Kg3 56. Nf1+ Kg2 57. Ne3+ Kg1 58. c4 g5 59. c5 g4 60. a6 g3 61. a7 g2 62. a8=Q f1=Q+ 63. Nxf1 gxf1=Q+ 64. Kd2 Bg5+ 65. Kc3 Qf3+ 66. Kc4 Qxa8 0-1


[Site "https://www.chess.com"]

[Event "Titled Tuesday Blitz June 15 2021"]
[White "Indjic, Aleksandar"]
[Black "Nestorovic, Nikola"]
[WhiteFideId "911925"]
[BlackFideId "934526"]
[WhiteElo "2643"]
[BlackElo "2411"]
[Result "0-1"]
[Round "05"]
[TimeControl "180+1"]
[Date "2021.06.15"]
[WhiteClock "0:00:03"]
[BlackClock "0:00:13"]

1. d4 Nf6 2. Nf3 c5 3. d5 d6 4. c4 b5 5. Qc2 bxc4 6. e4 g6 7. Bxc4 Bg7 8. O-O O-O 9. h3 Ba6 10. Na3 Qb6 11. Qe2 Bxc4 12. Nxc4 Qa6 13. Re1 Nbd7 14. Bg5 Nb6 15. Nfd2 Rab8 16. Nxb6 Qxe2 17. Rxe2 axb6 18. a4 b5 19. a5 h6 20. Be3 Nd7 21. Ra2 Ra8 22. f4 Ra6 23. b4 Rfa8 24. Nb3 cxb4 25. Rac2 Bc3 26. Kf2 f5 27. exf5 gxf5 28. Bd4 Bxd4+ 29. Nxd4 Rxa5 30. Rc7 R5a7 31. Rxa7 Rxa7 32. Rxe7 Ra2+ 33. Kg1 Nc5 34. Re8+ Kf7 35. Rb8 b3 36. Nxb5 b2 37. Kh2 b1=Q 38. Nxd6+ Ke7 39. Nc8+ Kd8 40. Rxb1 Kxc8 41. Rb6 Ra6 42. Rxa6 Nxa6 43. g4 Kd7 44. g5 hxg5 45. fxg5 Nb4 0-1


[Site "https://www.chess.com"]

[Event "Titled Tuesday Blitz June 15 2021"]
[White "Iskusnyh, Sergei"]
[Black "Sanal, Vahap"]
[WhiteFideId "4120027"]
[BlackFideId "6300545"]
[WhiteElo "2492"]
[BlackElo "2507"]
[Result "1-0"]
[Round "05"]
[TimeControl "180+1"]
[Date "2021.06.15"]
[WhiteClock "0:00:15"]
[BlackClock "0:00:02"]

1. d4 Nf6 2. c4 e6 3. g3 d5 4. Nf3 Bb4+ 5. Bd2 Bxd2+ 6. Nbxd2 O-O 7. Bg2 c6 8. O-O b6 9. Qc2 Ba6 10. Ne5 Nfd7 11. Nd3 Qf6 12. e3 Bb7 13. b4 Rc8 14. Rfd1 Na6 15. Qb2 Nc7 16. Rac1 c5 17. bxc5 Rab8 18. cxb6 Nxb6 19. c5 Nc4 20. Nxc4 Ba6 21. Qa3 Bxc4 22. Ne5 Nb5 23. Qa5 Qe7 24. Nxc4 dxc4 25. Rxc4 h5 26. Rb4 Nc7 27. Rdb1 Rxb4 28. Rxb4 e5 29. Qxa7 exd4 30. Rxd4 Qe5 31. Bf3 h4 32. Rxh4 Ne6 33. c6 Rb8 34. Kg2 Ng5 35. c7 Rf8 36. Rd4 Qf5 37. Qb7 Ne6 38. Rd1 Ng5 39. Rd4 Qh3+ 40. Kg1 Qf5 41. Rf4 Nh3+ 42. Kg2 Nxf4+ 43. exf4 Qd7 44. a4 Rc8 45. a5 Rxc7 46. Qb8+ Rc8 47. Qb6 Qd8 48. Qxd8+ Rxd8 49. a6 Rd7 50. Bb7 1-0


[Site "https://www.chess.com"]

[Event "Titled Tuesday Blitz June 15 2021"]
[White "Ivanisevic, Ivan"]
[Black "Mickiewicz, Piotr"]
[WhiteFideId "912417"]
[BlackFideId "1114891"]
[WhiteElo "2499"]
[BlackElo "2263"]
[Result "1/2-1/2"]
[Round "05"]
[TimeControl "180+1"]
[Date "2021.06.15"]
[WhiteClock "0:00:45"]
[BlackClock "0:00:35"]

1. c4 e5 2. b3 Nf6 3. Bb2 Nc6 4. Nf3 d6 5. d4 e4 6. d5 exf3 7. dxc6 bxc6 8. exf3 Be7 9. Bd3 O-O 10. O-O c5 11. Re1 Bb7 12. Nc3 Nd7 13. Be4 Bxe4 14. Nxe4 Nf6 15. Ng3 Qd7 16. Qd3 Rae8 17. Nf5 Bd8 18. g4 Re6 19. Nxg7 Kxg7 20. g5 Rfe8 21. gxf6+ Bxf6 22. Bxf6+ Rxf6 23. Qc3 Rxe1+ 24. Rxe1 Qf5 25. Kg2 Kf8 26. Re4 Rg6+ 27. Kf1 Qf6 28. Qxf6 Rxf6 29. Ke2 Rg6 30. Rg4 Re6+ 31. Kd2 a5 32. h4 Rf6 33. Ke3 Re6+ 34. Re4 Rf6 35. Rg4 Re6+ 36. Re4 Rf6 37. Rg4 1/2-1/2


[Site "https://www.chess.com"]

[Event "Titled Tuesday Blitz June 15 2021"]
[White "Jacobson, Aaron"]
[Black "Dan-Lowes"]
[WhiteFideId "2089912"]
[WhiteElo "2260"]
[BlackElo "2115"]
[Result "1-0"]
[Round "05"]
[TimeControl "180+1"]
[Date "2021.06.15"]
[WhiteClock "0:00:49"]
[BlackClock "0:00:28"]

1. e4 c5 2. Nf3 d6 3. d4 cxd4 4. e5 dxe5 5. c3 Nc6 6. Bb5 Bd7 7. O-O Nf6 8. Bxc6 Bxc6 9. Nxe5 Qd5 10. Nxc6 Qxc6 11. Qxd4 e6 12. Bg5 Be7 13. Nd2 Rd8 14. Qf4 O-O 15. Nf3 Nd5 16. Qh4 Bxg5 17. Qxg5 h6 18. Qe5 Nf6 19. Rfd1 Rd5 20. Rxd5 Nxd5 21. Rc1 Nb6 22. b3 Rd8 23. c4 Nd7 24. Qd4 Rc8 25. Qxa7 b5 26. Nd4 Qd6 27. Nxb5 Qd2 28. Rf1 Ne5 29. Qd4 Qe2 30. Nc3 Qh5 31. a4 Rb8 32. Nb5 Kh7 33. Qe4+ g6 34. h3 f6 35. f4 Nf7 36. Qxe6 Kg7 37. f5 gxf5 38. Qxf5 Qh4 39. Qf4 Qh5 40. Qxb8 1-0


[Site "https://www.chess.com"]

[Event "Titled Tuesday Blitz June 15 2021"]
[White "Jarovinsky, Alexey"]
[Black "Aldokhin, Ivan"]
[WhiteFideId "14115131"]
[BlackFideId "24115720"]
[WhiteElo "2446"]
[BlackElo "2306"]
[Result "0-1"]
[Round "05"]
[TimeControl "180+1"]
[Date "2021.06.15"]
[WhiteClock "0:00:01"]
[BlackClock "0:00:06"]

1. Nc3 Nf6 2. e4 e5 3. f4 d6 4. Nf3 Bg4 5. h3 Bxf3 6. Qxf3 a6 7. Bc4 Nc6 8. O-O Nd4 9. Qd1 b5 10. Bb3 a5 11. Ne2 Nxb3 12. axb3 Nxe4 13. d4 exf4 14. Qd3 d5 15. Qxb5+ Qd7 16. Rxa5 Rxa5 17. Qxa5 g5 18. c4 Bg7 19. Qa8+ Ke7 20. Qa3+ Qd6 21. c5 Qc6 22. Qb4 f5 23. Bd2 Qa6 24. Nc3 Qc6 25. Na4 Kf7 26. Bc3 Re8 27. Qa5 Ng3 28. Rd1 Re7 29. Be1 Ne2+ 30. Kh2 f3 31. gxf3 Nxd4 32. Qc3 Re2+ 33. Kh1 Qe6 34. Bg3 f4 35. Bh2 Qxh3 0-1


[Site "https://www.chess.com"]

[Event "Titled Tuesday Blitz June 15 2021"]
[White "Jia, Haoxiang"]
[Black "Le, Tuan Minh"]
[WhiteFideId "8602999"]
[BlackFideId "12401153"]
[WhiteElo "2634"]
[BlackElo "2450"]
[Result "0-1"]
[Round "05"]
[TimeControl "180+1"]
[Date "2021.06.15"]
[WhiteClock "0:00:07"]
[BlackClock "0:01:17"]

1. Nf3 d5 2. d4 Nf6 3. c4 c6 4. Nc3 a6 5. e3 Bf5 6. b3 e6 7. Bd3 Bg6 8. O-O Bd6 9. Bb2 Nbd7 10. Re1 Ne4 11. Bxe4 dxe4 12. Nd2 f5 13. Ne2 Qh4 14. Nf1 O-O 15. a4 Qe7 16. Qc1 Rac8 17. c5 Bc7 18. b4 Nf6 19. b5 Nd5 20. Qd2 cxb5 21. axb5 axb5 22. Reb1 Be8 23. Bc3 Bc6 24. Ba5 Bb8 25. g3 g5 26. Nc3 f4 27. Qd1 Qf7 28. Qg4 Qg6 29. Rb2 h5 30. Qd1 h4 31. Nxb5 hxg3 32. fxg3 fxe3 33. Nd6 Bxd6 34. cxd6 Ra8 35. Qe1 Qf5 36. Rba2 Qf3 37. Re2 Bb5 38. Rb2 Bxf1 39. Qxf1 Rxa5 0-1


[Site "https://www.chess.com"]

[Event "Titled Tuesday Blitz June 15 2021"]
[White "Jones, Gawain C B"]
[Black "Nakamura, Hikaru"]
[WhiteFideId "409561"]
[BlackFideId "2016192"]
[WhiteElo "2657"]
[BlackElo "2900"]
[Result "1-0"]
[Round "05"]
[TimeControl "180+1"]
[Date "2021.06.15"]
[WhiteClock "0:00:12"]
[BlackClock "0:00:13"]

1. e4 c5 2. Nc3 a6 3. g3 g6 4. Bg2 Bg7 5. d3 Nc6 6. Be3 d6 7. Qd2 e6 8. Nge2 Nd4 9. O-O Bd7 10. Nc1 Rc8 11. Nd1 b5 12. c3 Nc6 13. d4 cxd4 14. cxd4 Nf6 15. h3 O-O 16. Ne2 d5 17. e5 Ne4 18. Bxe4 dxe4 19. Ndc3 Na5 20. b3 Bc6 21. Bg5 f6 22. exf6 Bxf6 23. Bxf6 Qxf6 24. Qe3 Qf3 25. Nf4 b4 26. Nd1 Rfe8 27. Rc1 Nb7 28. Re1 Kf7 29. Qxf3 exf3 30. Ne3 Bb5 31. Ng4 g5 32. Ne5+ Ke7 33. Nfd3 a5 34. Nc5 Nxc5 35. dxc5 Bc6 36. Nc4 Ra8 37. Re5 Kf6 38. Rce1 h6 39. g4 a4 40. Kh2 axb3 41. axb3 Ra2 42. Kg3 Rc2 43. Nd6 Re7 44. Nc8 Re8 45. Nd6 Re7 46. Nf5 Re8 47. Nd4 Rc3 48. Rxe6+ Kf7 49. Nxc6 Rxe6 50. Nd8+ Kf6 51. Rxe6+ Kg7 52. c6 Rxb3 53. c7 1-0


[Site "https://www.chess.com"]

[Event "Titled Tuesday Blitz June 15 2021"]
[White "Jumabayev, Rinat"]
[Black "Yaran, Siar"]
[WhiteFideId "13702661"]
[BlackFideId "6323006"]
[WhiteElo "2535"]
[BlackElo "1977"]
[Result "1-0"]
[Round "05"]
[TimeControl "180+1"]
[Date "2021.06.15"]
[WhiteClock "0:00:07"]
[BlackClock "0:00:03"]

1. d4 Nf6 2. c3 d5 3. Bg5 e6 4. Nd2 Nbd7 5. e3 Be7 6. Bd3 O-O 7. f4 c5 8. Ngf3 Qb6 9. Rb1 Rd8 10. Ne5 Nf8 11. O-O Bd7 12. Qe2 Rac8 13. Kh1 a6 14. Rf3 Bb5 15. Bxb5 Qxb5 16. Qxb5 axb5 17. dxc5 Rxc5 18. Nb3 Rc7 19. f5 Ne4 20. Bxe7 Rxe7 21. fxe6 Nxe6 22. Nd3 N6g5 23. Rff1 Nd6 24. Nb4 Nc4 25. Rf5 Ne4 26. Rxd5 Rxd5 27. Nxd5 Rd7 28. Nf4 Nxe3 29. Nd4 b4 30. Re1 bxc3 31. bxc3 Nxc3 32. Rxe3 g5 33. Rxc3 Rxd4 34. Nd3 Kg7 35. Kg1 f5 36. Rb3 Kf6 37. Kf2 f4 38. Ke2 h5 39. Rb6+ Kf5 40. Rb5+ Kf6 41. Rxb7 Ra4 42. Rb6+ Kf5 43. Rb5+ Kf6 44. h4 gxh4 45. Rxh5 Kg6 46. Rd5 1-0


[Site "https://www.chess.com"]

[Event "Titled Tuesday Blitz June 15 2021"]
[White "Kalashian, David"]
[Black "Bok, Benjamin"]
[WhiteFideId "13302418"]
[BlackFideId "1017063"]
[WhiteElo "2490"]
[BlackElo "2658"]
[Result "0-1"]
[Round "05"]
[TimeControl "180+1"]
[Date "2021.06.15"]
[WhiteClock "0:00:07"]
[BlackClock "0:00:05"]

1. e4 c5 2. Nc3 d6 3. Nf3 Nf6 4. e5 dxe5 5. Nxe5 a6 6. a4 g6 7. Bc4 e6 8. d3 Bg7 9. O-O O-O 10. Qf3 Nfd7 11. Nxd7 Nxd7 12. Bf4 Ne5 13. Qe3 Nxc4 14. dxc4 Qd4 15. Rfd1 Qxc4 16. Bd6 Re8 17. Qxc5 Qxc5 18. Bxc5 Bxc3 19. bxc3 e5 20. Rab1 Bf5 21. Rxb7 Rec8 22. Bd6 Rd8 23. Rd2 Rac8 24. Rb6 a5 25. h3 f6 26. Kh2 Rc4 27. Re2 Rd7 28. Ra6 Rxa4 29. g4 Be4 30. f4 exf4 31. Bxf4 Kf7 32. Bh6 Rc4 33. Rf2 f5 34. g5 Rd1 35. Ra7+ Ke8 36. Bg7 a4 37. Bd4 Ra1 38. Kg3 a3 39. Kf4 a2 40. Ke5 Kd8 41. h4 Kc8 42. h5 gxh5 43. Rh2 Bf3 44. Rf2 Re1+ 45. Kf6 Rc6+ 46. Kg7 Rc7+ 47. Rxc7+ Kxc7 48. Rxf3 a1=Q 49. Rxf5 Re7+ 50. Kh6 Rd7 51. Rc5+ Kb7 52. Rb5+ Kc6 53. Rc5+ Kd6 54. Rf5 Qd1 55. Rf6+ Kc7 56. Rf5 Qxc2 57. Rf6 Kb7 58. Kxh5 Qe2+ 59. Kh6 Qh2# 0-1


[Site "https://www.chess.com"]

[Event "Titled Tuesday Blitz June 15 2021"]
[White "Kanyamarala, Tarun"]
[Black "Lewtak, Damian"]
[WhiteFideId "45004714"]
[BlackFideId "1141724"]
[WhiteElo "2086"]
[BlackElo "2291"]
[Result "1-0"]
[Round "05"]
[TimeControl "180+1"]
[Date "2021.06.15"]
[WhiteClock "0:00:42"]
[BlackClock "0:00:51"]

1. e4 c5 2. Nc3 Nc6 3. f4 d6 4. Nf3 Bg4 5. Be2 Bxf3 6. Bxf3 Nd4 7. O-O e6 8. d3 g6 9. Ne2 Nxf3+ 10. Rxf3 Bg7 11. f5 Nf6 12. fxe6 fxe6 13. Nf4 Qd7 14. c3 O-O 15. Qb3 Rae8 16. Bd2 g5 17. Ne2 h6 18. Raf1 Ng4 19. d4 cxd4 20. cxd4 d5 21. e5 Nxe5 22. Rxf8+ Rxf8 23. Rxf8+ Kxf8 24. dxe5 Bxe5 25. Bc3 Bc7 26. Bb4+ Kg8 27. Qd3 Kg7 28. Ng3 e5 29. Nh5+ 1-0


[Site "https://www.chess.com"]

[Event "Titled Tuesday Blitz June 15 2021"]
[White "Kapitanchuk, Tomas"]
[Black "Yanchenko, Roman"]
[WhiteFideId "135046"]
[BlackFideId "4137329"]
[WhiteElo "1955"]
[BlackElo "2514"]
[Result "0-1"]
[Round "05"]
[TimeControl "180+1"]
[Date "2021.06.15"]
[WhiteClock "0:00:03"]
[BlackClock "0:01:26"]

1. e4 e6 2. d4 d5 3. Nd2 c5 4. Ngf3 Nc6 5. exd5 exd5 6. Bb5 c4 7. O-O Bd6 8. Re1+ Ne7 9. b3 cxb3 10. axb3 O-O 11. c4 a6 12. c5 Bc7 13. h3 Bf5 14. Bf1 Nb4 15. Nh4 Bc2 16. Qg4 Re8 17. Ba3 Nec6 18. Bxb4 Nxb4 19. Nf5 Qf6 20. Nxg7 Qxg7 21. Qd7 Rec8 22. Nf3 Bg6 23. Re7 Nc6 24. Rae1 Nxe7 25. Rxe7 Qf6 26. Ne5 Bxe5 27. dxe5 Qc6 28. Qg4 Re8 29. Rxe8+ Rxe8 0-1


[Site "https://www.chess.com"]

[Event "Titled Tuesday Blitz June 15 2021"]
[White "Khalafova, Narmin"]
[Black "Shahade, Gregory"]
[WhiteFideId "13402625"]
[BlackFideId "2009064"]
[WhiteElo "2109"]
[BlackElo "2722"]
[Result "0-1"]
[Round "05"]
[TimeControl "180+1"]
[Date "2021.06.15"]
[WhiteClock "0:00:09"]
[BlackClock "0:00:29"]

1. e4 e5 2. Nf3 Nc6 3. Bb5 a6 4. Ba4 Nf6 5. O-O Be7 6. d3 b5 7. Bb3 d6 8. h3 Na5 9. Nc3 O-O 10. Bg5 h6 11. Bxf6 Bxf6 12. Nd5 c6 13. Nxf6+ Qxf6 14. d4 Re8 15. Re1 Ra7 16. c3 Nxb3 17. axb3 Rae7 18. dxe5 dxe5 19. b4 Rd7 20. Qe2 Rd6 21. Red1 Red8 22. Rxd6 Qxd6 23. Qe3 f6 24. Nh4 Qd2 25. Qb6 Kh7 26. Nf3 Qxb2 27. Qxd8 Qxa1+ 28. Kh2 Be6 29. Qd6 Qa2 30. Qxc6 Bc4 31. Qc5 Qc2 32. Qe3 Bd3 33. Nd2 Qxc3 34. Nf3 Qc4 35. Nd2 Qc2 36. Nf3 Bxe4 37. Ne1 Qb1 38. f3 Bg6 39. h4 Qxb4 40. h5 Qh4+ 41. Kg1 Qxh5 42. Nd3 Bxd3 43. Qxd3+ Qg6 44. Qa3 Qb1+ 45. Kh2 b4 46. Qxa6 b3 47. Qb7 Qc2 0-1


[Site "https://www.chess.com"]

[Event "Titled Tuesday Blitz June 15 2021"]
[White "Kholin, Aleksandr"]
[Black "Costachi, Mihnea"]
[WhiteFideId "14179385"]
[BlackFideId "1217518"]
[WhiteElo "2511"]
[BlackElo "2479"]
[Result "0-1"]
[Round "05"]
[TimeControl "180+1"]
[Date "2021.06.15"]
[WhiteClock "0:00:23"]
[BlackClock "0:01:26"]

1. e4 e5 2. Nf3 Nc6 3. Bc4 Bc5 4. c3 Nf6 5. d3 d6 6. a4 a6 7. O-O h6 8. b4 Ba7 9. Nbd2 g5 10. Qb3 Qe7 11. Bb2 Be6 12. Bxe6 fxe6 13. b5 Nd8 14. d4 exd4 15. cxd4 g4 16. Ne1 O-O 17. Nd3 Nf7 18. Rae1 Ng5 19. Kh1 Rae8 20. bxa6 bxa6 21. Qc4 a5 22. Bc3 Bb6 23. Qc6 Kh7 24. Nc4 Qd7 25. Qxd7+ Nxd7 26. Nxa5 Ra8 27. Nc4 Rxa4 28. Nxb6 Nxb6 29. Rc1 Nxe4 30. Bb4 Nd5 31. Be1 Rxd4 32. Nb2 g3 33. f3 Ne3 0-1


[Site "https://www.chess.com"]

[Event "Titled Tuesday Blitz June 15 2021"]
[White "Khumalo, Keith"]
[Black "Timofeev, Artyom"]
[WhiteFideId "14319470"]
[BlackFideId "4140419"]
[WhiteElo "1992"]
[BlackElo "2582"]
[Result "0-1"]
[Round "05"]
[TimeControl "180+1"]
[Date "2021.06.15"]
[WhiteClock "0:00:26"]
[BlackClock "0:00:40"]

1. d4 Nf6 2. c4 b6 3. Nf3 Bb7 4. g3 g6 5. Bg2 Bg7 6. O-O O-O 7. Nc3 Ne4 8. Nxe4 Bxe4 9. Ne1 Bxg2 10. Nxg2 d5 11. cxd5 Qxd5 12. e3 Nd7 13. Nf4 Qd6 14. d5 Rfd8 15. e4 Nf6 16. Qe2 Qe5 17. Re1 Rac8 18. Nd3 Qd4 19. Bf4 c6 20. Be5 Qa4 21. b3 Qb5 22. Bxf6 Bxf6 23. e5 Bg7 24. d6 exd6 25. e6 Bxa1 26. exf7+ Kxf7 27. Qe6+ Kg7 28. Qe7+ Kg8 29. Qe6+ Kh8 30. Rxa1 Qf5 31. Qxf5 gxf5 32. Nf4 Re8 33. Rd1 d5 34. Kf1 Kg7 35. Nd3 Kf6 36. Nf4 Rcd8 37. b4 d4 38. Nd3 Rc8 39. Rc1 Re7 40. Rc4 Rd7 41. f4 Rd5 42. Ke2 c5 43. bxc5 bxc5 44. Kd2 Ke6 45. h3 Kd6 46. g4 fxg4 47. hxg4 h5 48. g5 h4 49. Nf2 Ke6 50. Ke2 Kf5 51. Kf3 Re8 52. Ng4 h3 53. Ra4 h2 54. Nh6+ Kg6 55. Ra6+ Kg7 56. Kg2 d3 57. f5 h1=Q+ 58. Kxh1 Rd7 59. Rg6+ Kh7 60. Ng4 Rf8 61. Rh6+ Kg8 62. Rg6+ Rg7 63. Rd6 Rxg5 64. Ne3 Rg3 65. Rxd3 Re8 0-1


[Site "https://www.chess.com"]

[Event "Titled Tuesday Blitz June 15 2021"]
[White "Khusnutdinov, Rustam"]
[Black "Praggnanandhaa R"]
[WhiteFideId "13701703"]
[BlackFideId "25059530"]
[WhiteElo "2571"]
[BlackElo "2555"]
[Result "1/2-1/2"]
[Round "05"]
[TimeControl "180+1"]
[Date "2021.06.15"]
[WhiteClock "0:00:13"]
[BlackClock "0:00:14"]

1. d4 Nf6 2. c4 g6 3. Nc3 Bg7 4. e4 d6 5. Nge2 O-O 6. Ng3 c6 7. Be2 a6 8. O-O b5 9. f4 bxc4 10. e5 Nd5 11. Bxc4 Be6 12. Bb3 dxe5 13. dxe5 Nxc3 14. bxc3 Qb6+ 15. Kh1 Rd8 16. Qf3 Bxb3 17. Rb1 Bd5 18. Rxb6 Bxf3 19. Rxf3 f6 20. exf6 Bxf6 21. c4 Nd7 22. Rxc6 Rdc8 23. Rxc8+ Rxc8 24. Ra3 Rxc4 25. Be3 Rc6 26. Kg1 Kf7 27. Kf2 Bh4 28. Kf3 Bxg3 29. hxg3 e5 30. Ke4 Ke6 31. fxe5 Nxe5 32. Bd4 Nc4 33. Ra4 Nd6+ 34. Kd3 Nb5 35. Bb2 Nc7 36. Re4+ Kd5 37. Rd4+ Ke6 38. Re4+ Kd7 39. Be5 Ne6 40. Rb4 Rc5 41. Bf4 Kc6 42. Rc4 Kd5 43. Ra4 Rc6 44. Ra5+ Nc5+ 45. Ke3 Kc4 46. a3 Re6+ 47. Kf3 Nb3 48. Rg5 Nd4+ 49. Kg4 h5+ 50. Kh3 Ne2 51. Re5 Nxf4+ 52. gxf4 Rxe5 53. fxe5 Kd5 54. Kh4 Kxe5 55. Kg5 h4 56. Kxg6 Kf4 57. Kh5 Kg3 58. Kg5 a5 59. a4 Kxg2 60. Kxh4 Kf3 61. Kh3 Ke4 62. Kg3 Kd4 63. Kf2 Kc4 64. Ke2 Kb4 65. Kd2 Kxa4 66. Kc1 Ka3 67. Kb1 Kb3 68. Ka1 a4 69. Kb1 a3 70. Ka1 a2 1/2-1/2


[Site "https://www.chess.com"]

[Event "Titled Tuesday Blitz June 15 2021"]
[White "Kim, Sergey"]
[Black "Can, Emre"]
[WhiteFideId "13700570"]
[BlackFideId "6302181"]
[WhiteElo "2479"]
[BlackElo "2503"]
[Result "1-0"]
[Round "05"]
[TimeControl "180+1"]
[Date "2021.06.15"]
[WhiteClock "0:00:43"]
[BlackClock "0:00:04"]

1. d4 Nf6 2. c4 g6 3. Nc3 Bg7 4. e4 d6 5. Nge2 O-O 6. Ng3 c5 7. d5 e6 8. Be2 exd5 9. cxd5 a6 10. a4 h5 11. Bg5 Qb6 12. Qd2 Nh7 13. Bh4 Nd7 14. O-O Re8 15. f4 Ndf6 16. a5 Qc7 17. e5 dxe5 18. d6 Qc6 19. f5 e4 20. fxg6 fxg6 21. Bxf6 Nxf6 22. Qg5 Qxd6 23. Qxg6 Qe5 24. Rxf6 Bg4 25. Rf5 Qd4+ 26. Kh1 Rf8 27. Bxg4 hxg4 28. Raf1 Rxf5 29. Nxf5 Qe5 30. Nxe4 Rf8 31. Ng5 Rxf5 32. Qxf5 1-0


[Site "https://www.chess.com"]

[Event "Titled Tuesday Blitz June 15 2021"]
[White "Kretov, Evgenij"]
[Black "Nguyen, Ngoc Truong Son"]
[WhiteFideId "4167821"]
[BlackFideId "12401110"]
[WhiteElo "2400"]
[BlackElo "2596"]
[Result "0-1"]
[Round "05"]
[TimeControl "180+1"]
[Date "2021.06.15"]
[WhiteClock "0:00:01"]
[BlackClock "0:00:05"]

1. d4 Nf6 2. c4 e6 3. Nc3 c5 4. d5 exd5 5. cxd5 d6 6. e4 g6 7. f4 Bg7 8. Bb5+ Nfd7 9. a4 O-O 10. Nf3 Na6 11. O-O Nb4 12. Re1 a6 13. Bf1 Re8 14. h3 f5 15. Ng5 Nf8 16. Bc4 h6 17. Nf3 fxe4 18. Nxe4 Bf5 19. Ng3 Rxe1+ 20. Nxe1 Bd7 21. Ra3 b5 22. Be2 bxa4 23. Bg4 Qh4 24. Bxd7 Nxd7 25. Kh2 Nf6 26. f5 Re8 27. fxg6 h5 28. Rf3 Ng4+ 29. Kg1 Bd4+ 30. Kh1 Nf2+ 31. Rxf2 Bxf2 32. Nf3 Qxg3 33. Qxa4 Qxg6 34. Qd7 Nxd5 35. Bd2 Bg3 36. Ng1 Qf7 37. Qa4 Nf4 38. Bc3 Ng6 39. Qc6 h4 40. Qa4 Be5 41. Bd2 Bf4 42. Bc3 d5 43. Qxa6 d4 44. Ba5 Be3 45. Nf3 c4 46. Qb5 d3 47. Bc3 Bf4 48. Qc6 d2 49. Bxd2 Bxd2 50. Nxd2 Re1+ 51. Kh2 Qf4+ 0-1


[Site "https://www.chess.com"]

[Event "Titled Tuesday Blitz June 15 2021"]
[White "Krivonosov, Oleg"]
[Black "shnitez"]
[WhiteFideId "11600349"]
[WhiteElo "2469"]
[BlackElo "2509"]
[Result "1-0"]
[Round "05"]
[TimeControl "180+1"]
[Date "2021.06.15"]
[WhiteClock "0:00:34"]
[BlackClock "0:00:03"]

1. Nf3 d5 2. d4 Nf6 3. c4 e6 4. g3 dxc4 5. Qa4+ Bd7 6. Qxc4 Bc6 7. Bg2 Be7 8. Nc3 a6 9. O-O O-O 10. Bg5 b5 11. Qd3 Nbd7 12. Rac1 b4 13. Nb1 Be4 14. Qd1 Bd5 15. Nbd2 Qb8 16. Nc4 c5 17. b3 Rd8 18. Qc2 Be4 19. Qb2 h6 20. Bf4 Qb5 21. Rfd1 Nd5 22. Nd6 Bxd6 23. Bxd6 Nc3 24. Rd2 cxd4 25. Nxd4 Qb7 26. Nf3 a5 27. a4 Ra6 28. Bf4 Raa8 29. Be3 Nf6 30. Bd4 Nfd5 31. Ne1 Bxg2 32. Nxg2 f6 33. Ne3 e5 34. Nxd5 Nxd5 35. Bc5 Nc3 36. Rcc2 Qc7 37. Be3 Qc6 38. Rxd8+ Rxd8 39. Rd2 Rd5 40. Rxd5 Qxd5 41. Qc2 Qd1+ 42. Qxd1 Nxd1 43. Bb6 Nc3 44. Kf1 Na2 45. Bxa5 Nc1 46. Bxb4 Nxb3 47. a5 Nd4 48. a6 Nb5 49. Bc5 1-0


[Site "https://www.chess.com"]

[Event "Titled Tuesday Blitz June 15 2021"]
[White "Kukhmazov, Arsen"]
[Black "Skliarov, Viktor"]
[WhiteFideId "24108260"]
[BlackFideId "14106736"]
[WhiteElo "2453"]
[BlackElo "2344"]
[Result "1-0"]
[Round "05"]
[TimeControl "180+1"]
[Date "2021.06.15"]
[WhiteClock "0:00:12"]
[BlackClock "0:00:01"]

1. d4 Nf6 2. c4 e6 3. Nc3 Bb4 4. Qc2 c5 5. dxc5 Na6 6. a3 Bxc3+ 7. Qxc3 Nxc5 8. b4 Nce4 9. Qb2 d5 10. c5 h6 11. e3 O-O 12. Bd3 a5 13. Nf3 axb4 14. axb4 Rxa1 15. Qxa1 b6 16. c6 Ng4 17. O-O Qd6 18. h3 Ngxf2 19. Rxf2 Nxf2 20. Kxf2 Qxb4 21. Ba3 Qa5 22. Qb2 Re8 23. Ne5 Ba6 24. c7 Bxd3 25. Nxd3 Rc8 26. Bd6 Qa4 27. Ne5 Ra8 28. Qc3 Qa6 29. Nc6 Kh7 30. Ne7 Qa2+ 31. Kg3 Qb1 32. c8=Q Rxc8 33. Nxc8 1-0


[Site "https://www.chess.com"]

[Event "Titled Tuesday Blitz June 15 2021"]
[White "Lauridsen, Jesper Morch"]
[Black "Turgut, Aydin"]
[WhiteFideId "1401890"]
[BlackFideId "2078791"]
[WhiteElo "2240"]
[BlackElo "2138"]
[Result "0-1"]
[Round "05"]
[TimeControl "180+1"]
[Date "2021.06.15"]
[WhiteClock "0:00:08"]
[BlackClock "0:00:05"]

1. e4 e5 2. Nf3 Nc6 3. d4 exd4 4. Bc4 Nf6 5. O-O Nxe4 6. Re1 d5 7. Bxd5 Qxd5 8. Nc3 Qa5 9. Nxe4 Be6 10. Bg5 h6 11. Bh4 Bb4 12. Re2 O-O 13. a3 Be7 14. Bxe7 Nxe7 15. Nxd4 Rad8 16. Rd2 Bd5 17. b4 Qb6 18. Nc5 Qg6 19. Qf1 b6 20. Nd3 Bxg2 21. Qxg2 Rxd4 22. Qxg6 Nxg6 23. Re1 Rfd8 24. Rde2 Kf8 25. Re4 R4d5 26. f4 Rd4 27. Ne5 Nxf4 28. Nc6 Rxe4 29. Rxe4 Rd1+ 30. Kf2 Nd5 31. Nxa7 Ra1 32. Nb5 f6 33. c4 Ne7 34. Nxc7 Ra2+ 35. Re2 Rxa3 36. Ne6+ Kf7 37. Nxg7 Nc6 38. b5 Nd4 39. Rd2 Nf3 40. Rd7+ Kg6 41. Ne6 Ne5 42. Nf8+ Kf5 43. Rd4 Ra2+ 44. Ke1 Nf3+ 0-1


[Site "https://www.chess.com"]